 Dungeon Crawl Stone Soup version 0.30-a0-859-gf88a04b62d (webtiles) character file.

Game seed: 1663935276856317692

124 qeuew the Trooper (level 4, -2/35 HPs)
             Began as a Demonspawn Chaos Knight on Mar 6, 2023.
             Was a Follower of Lugonu.
             Splashed by a jelly's acid (8 damage)
             ... on level 4 of the Dungeon.
             The game lasted 00:02:38 (1223 turns).

qeuew the Trooper (Demonspawn Chaos Knight)         Turns: 1223, Time: 00:02:40

Health: -2/35      AC: -6    Str: 19    XL:     4   Next: 81%
Magic:  5/5        EV: 11    Int: 12    God:    Lugonu [*.....]
Gold:   82         SH:  0    Dex: 11    Spells: 3/3 levels left

rFire   . . .      SeeInvis .    h - +0 flail
rCold   . . .      Faith    .    (no shield)
rNeg    . . .      Spirit   .    b - +2 leather armour
rPois   .          Reflect  .    (no helmet)
rElec   .          Rampage  .    (no cloak)
rCorr   .                        (no gloves)
Will    .....                    (no boots)
Stlth   +                        (no amulet)
HPRegen 0.25/turn                (no ring)
MPRegen 0.09/turn                (no ring)

@: corroded
A: claws 1, powered by death 1, sense surroundings 1, strong 1
a: Renounce Religion, Depart the Abyss


You were on level 4 of the Dungeon.
You worshipped Lugonu.
Lugonu was aware of your devotion.
You visited 1 branch of the dungeon, and saw 3 of its levels.

You collected 82 gold pieces.

Inventory:

Hand Weapons
 h - a +0 flail (weapon)
Armour
 b - a +2 leather armour (worn)
Wands
 a - a wand of flame (13)
Scrolls
 e - a scroll of blinking {unknown}
 f - 2 scrolls of teleportation
 i - 2 scrolls of identify {unknown}
 j - a scroll of immolation {unknown}
 k - a scroll of magic mapping {unknown}
 l - a scroll of enchant weapon {unknown}
 n - a scroll of butterflies {unknown}
Potions
 d - a potion of mutation
 g - a potion of curing
 m - a potion of attraction {unknown}
Miscellaneous
 c - a piece from Xom's chessboard (13/15) (quivered)


   Skills:
 + Level 3.4 Fighting
 * Level 3.3 Maces & Flails
 + Level 2.5 Armour
 + Level 1.6 Dodging
 * Level 2.3 Invocations
 + Level 1.1 Evocations


You had 3 spell levels left.
You didn't know any spells.
Your spell library was empty.

Dungeon Overview and Level Annotations

Branches:
Dungeon (4/15)
 Temple: D:4-7

Altars:
Fedhas
Lugonu


Innate Abilities, Weirdness & Mutations

You have sharp fingernails.
You regenerate a little health from kills.
You passively map a small area around you.
Your muscles are strong. (Str +4, Int/Dex -1)


Message History

Found 2 stones and a rapier.
Found a stone staircase leading down.
Found a stone staircase leading down.
A scorpion comes into view.
You make a move on Xom's chessboard...
The scorpion resists with some effort.
You make a move on Xom's chessboard...
The scorpion suddenly stops moving!
The helpless scorpion fails to defend itself.
You sock the scorpion!
The scorpion is heavily wounded.
The helpless scorpion fails to defend itself.
You hit the scorpion.
The scorpion is almost dead.
The helpless scorpion fails to defend itself.
You sock the scorpion!
You kill the scorpion!
Lugonu accepts your kill.
Your piece from Xom's chessboard (15/15) has regained two charges.
Your Invocations skill increases to level 2!
Your Evocations skill increases to level 1!
You have reached level 4!
You feel stronger.
A jelly comes into view.
The jelly quivers.
Found 30 gold pieces.
You make a move on Xom's chessboard...
The jelly seems to speed up.
You make a move on Xom's chessboard...
The jelly seems to grow stronger.
You barely miss the jelly. The jelly barely misses you.
The jelly closely misses you.
You hit the jelly. The acid corrodes you!
Your claws burn!
The jelly is lightly wounded.
The jelly hits you. The acid corrodes you!
You are splashed with acid!
The jelly barely misses you.
You hit the jelly.
Your claws burn!
The jelly is moderately wounded.
The jelly hits you.
You are splashed with acid.
* * * LOW HITPOINT WARNING * * *
The jelly hits you.
* * * LOW HITPOINT WARNING * * *
The acid corrodes you!
You are splashed with acid!
You die...
Xom roars with laughter!

, ,, , ,...$.$.
....... *.# , .......
#.######
.......###......##
........#........##
..................# *
......>J..........#
,,.......@.....(....#
..................#
.......#..........#
,, ,
.......##........##
###.##..#........## ,
#. ##...........# , .
* #...........# , # *
##..........# * , ,*
#..........#


You could see a jelly (fast, strong).

Vanquished Creatures
  A scorpion (D:4)
  2 gnolls (D:1)
  An adder (D:2)
  A dart slug (D:1)
  3 endoplasms (D:1)
  2 giant cockroaches
  3 goblins (D:2)
  2 hobgoblins (D:1)
  4 jackals (D:1)
  3 kobolds
  4 ball pythons
  2 bats
  A frilled lizard (D:2)
  3 rats
32 creatures vanquished.

Notes
Turn   | Place    | Note
-------+----------+-------------------------------------------
     0 | D:1      | qeuew the Demonspawn Chaos Knight began the quest for the
                  | Orb.
     0 | D:1      | Reached XP level 1. HP: 18/18 MP: 1/1
   131 | D:1      | Reached skill level 1 in Dodging
   131 | D:1      | Gained mutation: You have sharp fingernails. [demonic
                  | ancestry]
   131 | D:1      | Reached XP level 2. HP: 9/24 MP: 2/2
   294 | D:1      | XOM: divination: detect items
   306 | D:1      | Found a faded altar of an unknown god.
   329 | D:1      | Prayed at the altar of an unknown god.
   329 | D:1      | Fell from the grace of Xom
   329 | D:1      | Became a worshipper of Lugonu the Unformed
   329 | D:1      | Reached * piety under Lugonu
   511 | D:1      | Gained mutation: You regenerate a little health from kills.
                  | [demonic ancestry]
   511 | D:1      | Reached XP level 3. HP: 9/29 MP: 3/3
   740 | D:1      | Reached skill level 1 in Invocations
   751 | D:1      | XOM: give mutations
   751 | D:1      | Gained mutation: You occasionally lose the ability to read
                  | scrolls when taking damage. [Xom's mischief]
   751 | D:1      | Gained mutation: You are clumsy. (Dex -2) [Xom's mischief]
   751 | D:1      | Gained mutation: You have a somewhat thin skeletal
                  | structure. (Dex +2, Stealth+) [Xom's mischief]
   751 | D:1      | Gained mutation: You are weak. (Str -2) [Xom's mischief]
   867 | D:1      | XOM: summons 3 hostile demons
   874 | D:1      | Lost mutation: You have a somewhat thin skeletal structure.
                  | (Dex +2, Stealth+) [potion of mutation]
   874 | D:1      | Lost mutation: You are weak. (Str -2) [potion of mutation]
   874 | D:1      | Lost mutation: You are clumsy. (Dex -2) [potion of
                  | mutation]
   874 | D:1      | Gained mutation: Your muscles are strong. (Str +4, Int/Dex
                  | -1) [potion of mutation]
   874 | D:1      | Lost mutation: You occasionally lose the ability to read
                  | scrolls when taking damage. [potion of mutation]
   880 | D:2      | Found a blossoming altar of Fedhas.
  1143 | D:2      | XOM: give mutation
  1143 | D:2      | Gained mutation: You passively map a small area around you.
                  | [Xom's mischief]
  1200 | D:2      | You fall into a shaft and drop 2 floors!
  1208 | D:4      | Noticed a scorpion
  1215 | D:4      | Killed a scorpion
  1216 | D:4      | Reached skill level 1 in Evocations
  1216 | D:4      | Reached XP level 4. HP: 35/35 MP: 5/5
  1223 | D:4      | Splashed by a jelly's acid

Illustrated notes

Levels and vault maps discovered:
D:1:      minmay_arrival_radiant_lines, layout_basic,
          hellmonk_ecumenical_altar_dog_temple
D:2:      layout_rooms, basic_altar
D:4:      layout_rooms, slow_altar_1, mainiacjoe_overflow_paths,
          nicolae_wu_jian_wuxing_cycle, serial_shops, nicolae_square_shop,
          uniq_robin

Skill      XL: |  1  2  3 |
---------------+----------+-----
Armour         | 2 |  2.5
Dodging        | 1 |  1.6
Maces & Flails | 3 |  3.3
Invocations    | 2 |  2.3
Evocations     | 1 |  1.1
Fighting       | |  3.4

Action                     |  1- 3 |  4- 6 || total
---------------------------+-------+-------++-------
  Melee: Mace              |    46 |       ||    46
         Flail             |    40 |     3 ||    43
         Punch             |     1 |       ||     1
  Evoke: Piece from Xom's  |     2 |     2 ||     4
    Use: Scroll            |     2 |       ||     2
         Potion            |     2 |       ||     2
   Stab: Paralysed         |     4 |       ||     4
 Armour: Leather armour    |    26 |       ||    26
  Dodge: Dodged            |    74 |     3 ||    77

Table legend: (Time is in decaauts)
 A = Elapsed time spent in this place.
 B = Non-inter-level travel time spent in this place.
 C = Inter-level travel time spent in this place.
 D = Time resting spent in this place.
 E = Time spent auto-exploring this place.
 F = Levels seen in this place.
 G = Mean time per level.
                   A        B        C        D        E       F      G
               +--------+--------+--------+--------+--------+-----+--------+
         Total |   1243 |   1224 |     19 |      0 |    972 |   3 |  414.3 |
       Dungeon |   1243 |   1224 |     19 |      0 |    972 |   3 |  414.3 |
               +--------+--------+--------+--------+--------+-----+--------+

Top non-repeatable levels by time:
     D:1: 892 daAuts
     D:2: 327 daAuts
     D:4: 24 daAuts
